 Dungeon Crawl Stone Soup version 0.16.1-4-g8e1b745 (webtiles) character file.

182 RobertPalmer the Cutter (level 5, -14/34 HPs)
             Began as an Octopode Warper on Mar 26, 2015.
             Demolished by an ogre
             ... wielding a +0 giant club
              (23 damage)
             ... on level 4 of the Dungeon.
             The game lasted 00:04:53 (4242 turns).

RobertPalmer the Cutter (Octopode Warper)           Turns: 4242, Time: 00:04:54

Health: -14/34     AC:  1    Str: 10    XL:     5   Next: 62%
Magic:  9/9        EV: 17    Int: 16    God:
Gold:   184        SH:  0    Dex: 12    Spells: 3 memorised, 2 levels left

rFire  + . .     SeeInvis .     a - +1 short sword
rCold  . . .     Clarity  .     (no shield)
rNeg   + . .     SustAb   .     (helmet restricted)
rPois  .         Gourm    .     (no amulet)
rElec  .         Spirit   .     b - ring of positive energy {rN+}
rCorr  .         Warding  .     k - ring of stealth {Stlth+}
rMut   .         Stasis   .     l - ring of protection from fire {rF+, !d}
MR     .....                    u - +5 ring of evasion
Stlth  ++++......               (no ring)
                                (no ring)
                                (no ring)
                                (no ring)

@: not resistant to hostile enchantments, stealthy
A: almost no armour, amphibious, 8 rings, constrict 8, camouflage 1, gelatinous
body 1
a: no special abilities


You were on level 4 of the Dungeon.
You were not hungry.

You visited 1 branch of the dungeon, and saw 4 of its levels.

You collected 184 gold pieces.

Inventory:

Hand weapons
 a - a +1 short sword (weapon)
Missiles
 e - 5 tomahawks of dispersal {=f}
Jewellery
 b - a ring of positive energy (left tentacle) {rN+}
   (You found it on level 1 of the Dungeon)
 k - a ring of stealth (right tentacle) {Stlth+}
   (You found it on level 1 of the Dungeon)
 l - a ring of protection from fire (on tentacle) {rF+, !d}
   (You found it on level 2 of the Dungeon)
 u - a +5 ring of evasion (on tentacle)
   (You found it on level 3 of the Dungeon)
Scrolls
 d - 3 scrolls of blinking {!r}
 g - a scroll of immolation {!r}
 j - a scroll of fear
 p - a scroll of teleportation
Potions
 m - a potion of haste {unknown}
 o - a potion of curing {unknown}
 s - a potion of berserk rage {unknown}
Books
 c - a book of Spatial Translocations
Comestibles
 f - 2 bread rations {@e1}
 h - a beef jerky
 i - 3 fruits
 n - 3 meat rations {@e2}


   Skills:
 - Level 2.0 Fighting
 - Level 5.5 Short Blades
 - Level 1.0 Throwing
 - Level 2.3 Dodging
 + Level 1.1 Stealth
 - Level 2.0 Spellcasting
 - Level 3.0 Translocations


You had 2 spell levels left.
You knew the following spells:

 Your Spells              Type           Power        Failure   Level  Hunger
a - Teleport Other        Tloc           ##......     17%         3    ###....
b - Blink                 Tloc           N/A          10%         2    ###....
g - Apportation           Tloc           ##........   8%          1    #......


Dungeon Overview and Level Annotations

Branches:
Dungeon (4/15)
 Temple: D:4-7

Altars:
Fedhas
Nemelex Xobeh
Ru
Vehumet
Xom
Yredelemnul

Annotations:
D:3 exclusion: Grinder, Grinder


Innate Abilities, Weirdness & Mutations

You cannot wear most types of armour.
You are amphibious.
You can wear up to eight rings at the same time.
You can use your tentacles to constrict many enemies at once.
Your skin changes colour to match your surroundings (Stealth).
Your rubbery body absorbs attacks (AC +1).


Message History

The orc shouts!
The goblin shouts!
There is an open door here.
You barely miss the orc. You grab the orc. You constrict the orc.
The orc completely misses you.
You barely miss the orc. You constrict the orc. The orc hits you with a dagger.
You take 3 damage, and have 31/34 hp.
You hit the orc. Your squeeze misses the orc. You constrict the orc.
The orc closely misses you.
You hit the orc.
You kill the orc!
You closely miss the goblin. Your grab misses the goblin.
Your squeeze misses the goblin. You closely miss the goblin.
You grab the goblin. You constrict the goblin. The goblin misses you.
You hit the goblin.
You kill the goblin!
Things that are here:
a dagger; an orc corpse
t - a pearl ring
Things that are here:
a dagger; an orc corpse Read which item? (? for menu, Esc to quit)
Okay, then.
Put on which piece of jewellery? (? for menu, Esc to quit)
You feel weaker.
Oops, that ring feels deathly cold.
t - a cursed -2 ring of strength (on tentacle) Put on which piece of jewellery? (? for menu, Esc to quit)
Oops, that ring feels deathly cold.
r - a cursed ring of loudness (on tentacle) Read which item? (? for menu, Esc to quit)
As you read the scroll of remove curse, it crumbles to dust.
You feel as if something is helping you.
Drop what? 20/52 slots (_ for help) (? for menu, Esc to quit)
You remove your -2 ring of strength.
You feel stronger.
You drop a -2 ring of strength.
You remove your ring of loudness {Stlth-}.
You drop an uncursed ring of loudness {Stlth-}.
There is an open door here.
You now have 170 gold pieces (gained 13).
You are feeling very hungry.
Health restored: 34 A rat comes into view.
A rat is nearby!
A rat is nearby!
A rat is nearby!
The helpless rat fails to defend itself.
You hit the rat!
You kill the rat!
No target in view!
You open the door.
A hobgoblin comes into view. It is wielding a club.
A hobgoblin is nearby!
A hobgoblin is nearby!
A hobgoblin is nearby!
A hobgoblin is nearby!
An adder comes into view.
There is an open door here.
The helpless adder fails to defend itself.
You hit the adder. You grab the adder. You squeeze the adder.
You kill the adder!
Your Stealth skill increases to level 1!
The hobgoblin shouts!
You hit the hobgoblin. You grab the hobgoblin. You constrict the hobgoblin.
The hobgoblin misses you.
You hit the hobgoblin.
You kill the hobgoblin!
No target in view!
You see here an adder corpse.
You butcher the adder corpse.
q - a chunk of flesh {@w0} You now have 184 gold pieces (gained 14).
There isn't anything here!
Eating a chunk of flesh {@w0}.
You continue eating. x2
There is an open door here.
You open the door.
An orc comes into view. It is wielding a whip.
An orc is nearby!
An orc is nearby!
An orc is nearby!
An ogre comes into view. It is wielding a giant club.
There is an open door here.
The helpless ogre fails to defend itself.
You hit the ogre!
The orc shouts!
The ogre completely misses you.
You hit the ogre. The orc misses you.
You hit the ogre. Your squeeze misses the ogre.
The ogre hits you with a giant club!!
Ouch! That really hurt!
* * * LOW HITPOINT WARNING * * *
The orc closely misses you.
You take 25 damage, and have 9/34 hp.
MASSIVE DAMAGE!!
You hit the ogre. You squeeze the ogre, but do no damage.
The ogre hits you with a giant club!!
Ouch! That really hurt!
You die...

#.# #.####...#..≈≈≈
#.####.#......# ≈≈
#.##..........#
#.#..#'#.....##
#.#.##.##...##
#...#..)#..## #..#######.#
#..#!O...#.##
#..#.o@..'..###
##.#########...## #..#
#....# ##..+ #....## ##...#
#.....## #....## ##......#
##<....# +.......######
#......# #.............
#......#######........#####


You could see an ogre and an orc.

Vanquished Creatures
  An orc priest (D:3)
  Terence (D:2)
  5 adders
  2 giant mites (D:3)
  3 worms
  6 giant geckos
  4 orcs
  7 bats
  5 giant cockroaches
  12 goblins
  7 hobgoblins
  A kobold (D:1)
  A giant gecko skeleton (D:3)
  4 giant newts
  8 rats
67 creatures vanquished.

Notes
Turn   | Place    | Note
--------------------------------------------------------------
     0 | D:1      | RobertPalmer, the Octopode Warper, began the quest for the Orb.
     0 | D:1      | Reached XP level 1. HP: 14/14 MP: 3/3
   381 | D:1      | Reached XP level 2. HP: 5/19 MP: 4/4
   804 | D:1      | Reached skill level 3 in Short Blades
  1106 | D:2      | Noticed Terence
  1121 | D:2      | Reached XP level 3. HP: 13/24 MP: 6/6
  1253 | D:2      | Learned a level 2 spell: Blink
  1548 | D:2      | Learned a level 3 spell: Teleport Other
  1702 | D:2      | Found a shimmering altar of Xom.
  1702 | D:2      | Found a shimmering altar of Xom.
  1703 | D:2      | Found a shimmering altar of Xom.
  1716 | D:2      | Found a shimmering altar of Xom.
  1769 | D:2      | Reached skill level 4 in Short Blades
  1931 | D:2      | Killed Terence
  1931 | D:2      | Reached XP level 4. HP: 10/29 MP: 7/7
  2286 | D:2      | Found a sparkling altar of Nemelex Xobeh.
  2294 | D:2      | Found a radiant altar of Vehumet.
  2296 | D:2      | Found a sacrificial altar of Ru.
  2766 | D:3      | Noticed Grinder
  2928 | D:3      | Found a basalt altar of Yredelemnul.
  3094 | D:3      | Reached skill level 5 in Short Blades
  3094 | D:3      | Reached XP level 5. HP: 22/34 MP: 9/9
  3456 | D:3      | Found a blossoming altar of Fedhas.
  4215 | D:4      | Reached skill level 1 in Stealth
  4235 | D:4      | Noticed an ogre
  4242 | D:4      | Demolished by an ogre

Action                   |  1- 3 |  4- 6 || total
-------------------------+-------+-------++-------
Melee: Short sword       |    76 |    96 ||   172
  Use: Scroll            |     5 |     7 ||    12
       Potion            |     1 |       ||     1
 Stab: Sleeping          |     3 |    15 ||    18
       Distracted        |       |     1 ||     1
  Eat: Chunk             |     3 |     7 ||    10

Vault maps used:
D:1:      tarquinn_simple_flora_water_f, serial_bayou_pond_d
D:2:      grunt_temple_overflow_diamond, serial_bayou_pond_c, xom_redecorated,
          uniq_terence
D:3:      lemuel_crystal_altar, nicolae_overflow_crystal_walls, corner_web_ring,
          st_stairs_9, uniq_grinder
D:4:      temple_green, serial_park, serial_park_tiny_2, serial_park_tiny_1,
          serial_park_tiny_pond, serial_park_tiny_pond, serial_park_paths,
          serial_park_square3, minmay_divided_ellipse

Table legend:
 A = Turns spent in this place as a percentage of turns spent in the entire game.
 B = Non-inter-level travel turns spent in this place as a percentage of non-inter-level travel turns spent in the entire game.
 C = Inter-level travel turns spent in this place as a percentage of turns spent in this place.
 D = Turns resting spent in this place as a percentage of non-inter-level travel turns spent in this place.
 E = Turns spent auto-exploring this place as a percentage of non-inter-level travel turns spent in this place.
 F = Non-inter-level travel turns spent in this place divided by the number of levels of this place that you've seen.
                   A       B       C       D       E      F
               +-------+-------+-------+-------+-------+----------------------
         Total | 100.0 | 100.0 |   0.4 |   4.2 |   8.2 | 262.5
       Dungeon | 100.0 | 100.0 |   0.4 |   4.2 |   8.2 | 262.5
               +-------+-------+-------+-------+-------+----------------------

Table legend:
 A = Kills in this place as a percentage of kills in entire the game.
 B = Kills by you in this place as a percentage of kills by you in the entire game.
 C = Kills by friends in this place as a percentage of kills by friends in the entire game.
 D = Other kills in this place as a percentage of other kills in the entire game.
 E = Experience gained in this place as a percentage of experience gained in the entire game.
 F = Experience gained in this place divided by the number of levels of this place that you have seen.
                   A       B       C       D       E      F
               +-------+-------+-------+-------+-------+----------------------
         Total | 100.0 | 100.0 |  -nan |  -nan | 100.0 |  65.2
       Dungeon | 100.0 | 100.0 |  -nan |  -nan | 100.0 |  65.2
               +-------+-------+-------+-------+-------+----------------------
